 Dungeon Crawl Stone Soup version 0.30.1-4-g462c640d31 (webtiles) character file.

Game seed: 15908837080987595154

37 booth the Trooper (level 3, -6/24 HPs)
             Began as a Gargoyle Monk on Aug 16, 2023.
             Mangled by Sigmund
             ... wielding a +0 heavy scythe
              (12 damage)
             ... on level 2 of the Dungeon.
             The game lasted 00:05:13 (982 turns).

booth the Trooper (Gargoyle Monk)                    Turns: 982, Time: 00:05:14

Health: -6/24      AC:  7    Str: 16    XL:     3   Next: 39%
Magic:  4/4        EV: 12    Int: 10    God:
Gold:   56         SH:  0    Dex: 12    Spells: 4/4 levels left

rFire   . . .        a - +0 mace
rCold   . . .        d - orb {light}
rNeg    + . .        f - +0 leather armour
rPois   ∞            (no helmet)
rElec   +            i - +0 cloak
rCorr   .            (no gloves)
SInv    .            (no boots)
Will    .....        (no amulet)
Stlth   +            (no ring)
HPRegen 0.24/turn    (no ring)
MPRegen 0.09/turn

%: no passive effects
@: glowing
A: sickness immunity, AC +3, negative energy resistance 1, electricity
resistance, torment resistance 1, petrification resistance
a: no special abilities


You were on level 2 of the Dungeon.
You visited 1 branch of the dungeon, and saw 2 of its levels.

You collected 56 gold pieces.

Inventory:

Hand Weapons
 a - a +0 mace (weapon)
Armour
 b - a +0 robe
 d - an orb of light (worn)
 f - a +0 leather armour (worn)
 i - a +0 cloak (worn)
Scrolls
 e - a scroll of identify
 g - a scroll of immolation
 h - a scroll of torment


   Skills:
 + Level 3.7 Fighting
 + Level 3.3 Maces & Flails
 + Level 2.7 Dodging
 + Level 1.1 Spellcasting


You had 4 spell levels left.
You didn't know any spells.
Your spell library contained the following spells:

 Spells                   Type           Power      Damage    Failure   Level
 Ignite Poison            Fire/Tmut/Pois 0%         N/A       77%         3
 Freezing Cloud           Conj/Ice/Air   0%         6-21      100%        5
 Cigotuvi's Dreadful Rot  Necr/Pois/Air  Unusable   N/A       N/A         2

Dungeon Overview and Level Annotations

Branches:
Dungeon (2/15)

Altars:

Annotations:
D:2 Sigmund


Innate Abilities, Weirdness & Mutations

You are immune to sickness and miasma.
Your stone body is resilient. (AC +3)
You are immune to poison.
You resist negative energy. (rN+)
You are resistant to electric shocks. (rElec)
You are resistant to unholy torment.
You are immune to petrification.


Message History

You sock the ball python!
You kill the ball python!
You sock the giant cockroach!
You kill the giant cockroach!
Things that are here:
a giant cockroach corpse; a ball python corpse You hit the kobold but do no damage.
The kobold hits you but does no damage.
You hit the kobold.
You kill the kobold!
Things that are here:
a +0 short sword; a giant cockroach corpse; a ball python corpse You now have 56 gold pieces (gained 15).
Found a rapier.
You see here a +0 mace.
Sigmund the Dreaded comes into view.
He is wielding a +0 heavy scythe and carrying a wand of digging (7).
Sigmund shouts!
Sigmund casts a spell at you. The puff of flame hits you!
You hear a zap.
Some rock shatters into small pieces.
You hear a zap.
You hear a grinding noise.
You are confused.
You feel invigorated. Sigmund gestures at you while chanting.
You are more confused.
You're too confused to move!
You feel less invigorated. Sigmund completely misses you.
You bump into the rock wall.
You bump into the rock wall.
Sigmund barely misses you. Sigmund attacks as you move away!
Sigmund barely misses you.
You feel less confused. Sigmund looks at you with fury.
Sigmund hits you with a +0 heavy scythe!!
Ouch! That really hurt!
* * * LOW HITPOINT WARNING * * *
You hit Sigmund.
Sigmund is lightly wounded.
Sigmund hits you with a +0 heavy scythe!
Ouch! That really hurt!
You die...

###########
#######.........#
#@..............#
.##.###@..............##
......................).
.##.###.).............##
#...............#
#######.........#
#..)......# #...#######
#...#


You could see Sigmund.

Vanquished Creatures
  3 ball pythons
  A bat (D:1)
  An endoplasm (D:1)
  4 giant cockroaches
  3 hobgoblins (D:1)
  4 jackals (D:1)
  4 quokkas
  4 frilled lizards
  4 kobolds
  2 rats (D:2)
30 creatures vanquished.

Notes
Turn   | Place    | Note
-------+----------+-------------------------------------------
     0 | D:1      | booth the Gargoyle Monk began the quest for the Orb.
     0 | D:1      | Reached XP level 1. HP: 14/14 MP: 1/1
    44 | D:1      | Reached XP level 2. HP: 16/19 MP: 2/2
   502 | D:1      | Reached XP level 3. HP: 23/23 MP: 4/4
   620 | D:1      | Reached skill level 1 in Spellcasting
   963 | D:2      | Noticed Sigmund
   982 | D:2      | Mangled by Sigmund

Illustrated notes

Levels and vault maps discovered:
D:1:      dpeg_arrival_renting, layout_basic
D:2:      layout_basic, minmay_misc_feat_square, uniq_sigmund, uniq_terence

Skill      XL: |  1  2  3 |
---------------+----------+-----
Spellcasting   | 1 |  1.1
Fighting       | |  3.7
Maces & Flails | |  3.3
Dodging        | |  2.7

Action                     || total
---------------------------++-------
  Melee: Mace              ||    81
    Use: Scroll            ||     2
         Potion            ||     1
 Armour: Robe              ||    25
         Leather armour    ||     3
  Dodge: Dodged            ||    59
